 Dungeon Crawl Stone Soup version 0.20.1-1-g8b1a95d (webtiles) character file.

378 taka the Skirmisher (level 7, -5/50 HPs)
             Began as a Human Wanderer on Aug 20, 2017.
             Slain by an ogre
             ... wielding a +0 giant spiked club
              (34 damage)
             ... on level 4 of the Dungeon.
             The game lasted 00:11:15 (3322 turns).

taka the Skirmisher (Human Wanderer)                Turns: 3322, Time: 00:11:16

Health: -5/50      AC:  5    Str: 17    XL:     7   Next: 4%
Magic:  7/7        EV: 11    Int: 11    God:
Gold:   103        SH:  2    Dex: 11    Spells: 6/6 levels left

rFire    . . .     SeeInvis .   a - +2 short sword
rCold    . . .     Gourm    .   (no shield)
rNeg     . . .     Faith    .   b - +0 ring mail
rPois    .         Spirit   .   (no helmet)
rElec    .         Reflect  +   (no cloak)
rCorr    +         Harm     .   (no gloves)
MR       +....                  (no boots)
Stlth    +.........             q - +2 amulet of reflection
Regen    0.2/turn               n - ring of resist corrosion
MPRegen  0.1/turn               (no ring)

@: no status effects
A: frail 1, magic resistance 1
a: no special abilities


You were on level 4 of the Dungeon.
You were not hungry.

You visited 1 branch of the dungeon, and saw 4 of its levels.

You collected 103 gold pieces.

Inventory:

Hand Weapons
 a - a +2 short sword (weapon)
 d - a +0 dagger
Armour
 b - a +0 ring mail (worn)
Jewellery
 n - a ring of resist corrosion (left hand)
 q - a +2 amulet of reflection (around neck)
Wands
 s - a wand of iceblast (6/15)
Scrolls
 l - a scroll of blinking
 r - 2 scrolls of identify
Comestibles
 f - 2 bread rations
 m - 4 fruits


   Skills:
 + Level 5.6 Fighting
 + Level 3.3 Short Blades
 + Level 2.0 Throwing
 + Level 3.4 Armour
 + Level 1.4 Dodging
 + Level 2.4 Stealth
 + Level 0.2 Evocations


You had 6 spell levels left.
You didn't know any spells.

Dungeon Overview and Level Annotations

Branches:
Dungeon (4/15)
 Temple: D:4-7

Altars:
Gozag
Uskayaw
Xom
Yredelemnul

Annotations:
D:4 Grinder


Innate Abilities, Weirdness & Mutations

You are frail. (-10% HP)
You are resistant to hostile enchantments. (MR+)


Message History

You hit the adder.
You kill the adder!
An ogre comes into view. It is wielding a giant spiked club.
You closely miss the goblin. The goblin barely misses you.
You hit the goblin.
You kill the goblin!
You hit the ogre.
The ogre is lightly wounded.
The ogre hits you with a giant spiked club!
You hit the ogre.
The ogre is moderately wounded.
The ogre hits you with a giant spiked club!
You hit the ogre.
The ogre is severely wounded.
You hit the ogre but do no damage.
The ogre is severely wounded.
The goblin barely misses you.
The ogre hits you with a giant spiked club!!
Ouch! That really hurt!
You die...

.....g############
.[..g.# ...#.....
....... ........##
....###.
(.†......# #####
....)......#
.)).....$
....$..)# #.)g.#
####@# .?.....O.#
...##.%#.# ##. ..
#. #.. #. #.. ..
##) ## ..


You could see an ogre and a goblin.

Vanquished Creatures
  An ogre (D:4)
  The ghost of taka the Sneak, an amateur HuWn (D:3)
  An iguana (D:4)
  A worker ant (D:4)
  Robin (D:4)
  5 adders
  An ooze (D:1)
  An adder skeleton (D:4)
  4 worms
  2 dart slugs
  4 leopard geckos
  2 orcs
  3 giant cockroaches
  14 goblins
  7 hobgoblins
  6 jackals (D:1)
  3 quokkas
  A ball python (D:3)
  8 bats
  3 frilled lizards
  5 kobolds
  7 rats
81 creatures vanquished.

Vanquished Creatures (others)
  A scorpion (D:4)
  A worm (D:4)
  A leopard gecko (D:4)
3 creatures vanquished.

Grand Total: 84 creatures vanquished

Notes
Turn   | Place    | Note
-------+----------+-------------------------------------------
     0 | D:1      | taka the Human Wanderer began the quest for the Orb.
     0 | D:1      | taka set off with: a +2 short sword, a +0 ring mail, a potion of lignification, a +0 dagger, a bread ration
     0 | D:1      | Reached XP level 1. HP: 19/19 MP: 1/1
    77 | D:1      | Reached XP level 2. HP: 25/25 MP: 2/2
   404 | D:1      | Reached XP level 3. HP: 25/31 MP: 3/3
   926 | D:2      | Reached skill level 1 in Armour
   926 | D:2      | Reached XP level 4. HP: 34/38 MP: 4/4
  1025 | D:2      | Found a basalt altar of Yredelemnul.
  1131 | D:2      | Found an opulent altar of Gozag.
  1247 | D:2      | Found an opulent altar of Gozag.
  1247 | D:2      | Found a hide-covered altar of Uskayaw.
  1296 | D:2      | Reached skill level 5 in Fighting
  2019 | D:3      | Noticed taka's ghost (amateur HuWn)
  2050 | D:3      | Killed taka's ghost
  2050 | D:3      | Reached XP level 5. HP: 8/44 MP: 5/5
  2424 | D:3      | Reached XP level 6. HP: 43/51 MP: 6/6
  2660 | D:3      | Gained mutation: You are frail. (-10% HP) [potion of mutation]
  2660 | D:3      | Gained mutation: You are resistant to hostile enchantments. (MR+) [potion of mutation]
  2824 | D:4      | Found a shimmering altar of Xom.
  3063 | D:4      | Noticed an ogre
  3068 | D:4      | Noticed Grinder
  3077 | D:4      | Killed an ogre
  3307 | D:4      | Noticed Robin
  3311 | D:4      | Killed Robin
  3311 | D:4      | Reached XP level 7. HP: 50/50 MP: 7/7
  3322 | D:4      | Slain by an ogre

Skill      XL: |  1  2  3  4  5  6 |
---------------+-------------------+-----
Armour         | 1 2 3 |  3.4
Fighting       | 5 |  5.6
Short Blades   | 2 3 |  3.3
Throwing       | |  2.0
Dodging        | |  1.4
Stealth        | |  2.4
Evocations     | |  0.2

Action                   |  1- 3 |  4- 6 |  7- 9 || total
-------------------------+-------+-------+-------++-------
Melee: Short sword       |   105 |   173 |     7 ||   285
Evoke: Wand              |       |     2 |     1 ||     3
  Use: Potion            |       |     4 |       ||     4
       Scroll            |       |     8 |       ||     8
  Eat: Chunk             |       |     7 |       ||     7
       Royal jelly       |       |     1 |       ||     1
Armor: Ring mail         |    74 |    48 |       ||   122
       Skin              |       |     2 |       ||     2
Dodge: Dodged            |    82 |    77 |     2 ||   161
Block: Other             |       |     1 |       ||     1
